 Dungeon Crawl Stone Soup version 0.27.1-34-g3ba077fa99 (webtiles) character file.

Game seed: 926508956173795864

6906 mcbry74 the Basher (level 10, -6/88 HPs)
             Began as a Troll Berserker on Jan 26, 2022.
             Was a High Priest of Trog.
             Mangled by a two-headed ogre (30 damage)
             ... on level 9 of the Dungeon.
             The game lasted 00:39:28 (8963 turns).

mcbry74 the Basher (Troll Berserker)                Turns: 8963, Time: 00:39:28

Health: -6/88      AC:  4    Str: 29    XL:     10   Next: 79%
Magic:  9/9        EV:  6    Int:  4    God:    Trog [*****.]
Gold:   629        SH: 16    Dex: 15    Spells: 9/9 levels left

rFire    . . .     SeeInvis .   E - +5 morningstar
rCold    + . .     Faith    .   D - +1 tower shield
rNeg     . . .     Spirit   .   b - +0 animal skin
rPois    .         Reflect  .   (helmet restricted)
rElec    .         Harm     .   (no cloak)
rCorr    .         Rampage  .   (gloves unavailable)
Will     .....                  (boots unavailable)
Stlth    +.........             (no amulet)
HPRegen  1.24/turn              k - ring of protection from cold
MPRegen  0.11/turn              o - +6 ring of dexterity

@: no status effects
A: large, unfitting armour, claws 3, regeneration 1, shaggy fur 1, tough skin 1
a: Renounce Religion, Berserk, Trog's Hand, Brothers in Arms


You were on level 9 of the Dungeon.
You worshipped Trog.
Trog was extremely pleased with you.
You visited 2 branches of the dungeon, and saw 10 of its levels.
You also visited: Sewer and Ossuary.

You collected 629 gold pieces.

Inventory:

Hand Weapons
 a - a +0 mace
 d - a +2 great mace
 f - a +0 giant club
 p - a +4 antimagic war axe
 t - a +2 antimagic mace
 w - a +2 war axe of freezing
 E - a +5 morningstar (weapon)
Missiles
 n - a throwing net
 u - 6 boomerangs
 y - 5 javelins
 F - 2 large rocks (quivered)
 G - 105 stones
 J - 2 curare-tipped darts
 K - 50 poisoned darts
 N - 6 atropa-tipped darts
Armour
 b - a +0 animal skin (worn)
 D - a +1 tower shield (worn)
Jewellery
 k - a ring of protection from cold (left claw)
 o - a +6 ring of dexterity (right claw)
 q - a +6 ring of intelligence
 A - an amulet of the acrobat
Wands
 i - a wand of digging (5)
 z - a wand of flame (21)
 B - a wand of charming (6)
Scrolls
 m - 4 scrolls of teleportation
 s - 2 scrolls of fog
 M - a scroll of holy word
Potions
 c - 4 potions of flight
 e - 2 potions of degeneration {unknown}
 g - 4 potions of might
 h - a potion of cancellation {unknown}
 j - 3 potions of mutation {unknown}
 l - 6 potions of curing
 r - 4 potions of brilliance {unknown}
 v - 3 potions of heal wounds {unknown}
 x - 2 potions of berserk rage {unknown}
 C - 2 potions of lignification {unknown}
 H - 3 potions of haste {unknown}
 I - 2 potions of attraction {unknown}
 L - a potion of resistance {unknown}
 O - a potion of invisibility {unknown}


   Skills:
 - Level 2.4 Fighting
 + Level 14.3 Maces & Flails
 - Level 2.4 Dodging
 + Level 3.2 Shields


You had 9 spell levels left.
You didn't know any spells.
Your spell library was empty.

Dungeon Overview and Level Annotations

Branches:
Dungeon (9/15)             Temple (1/1) D:4           Sewer (visited)
Ossuary (visited)
   Lair: D:8-11         Orc: D:9-12

Altars:
Cheibriados
Dithmenos
Kikubaaqudgha
Makhleb
Nemelex Xobeh
Qazlal
Yredelemnul
Zin

Shops:
D:3 =


Innate Abilities, Weirdness & Mutations

You are too large for most types of armour.
You have claws for hands.
Your natural rate of healing is unusually fast.
You are covered in fur. (AC +1)
You have tough skin. (AC +1)


Message History

HP restored.
Things that are here:
a +0 shortbow; 24 arrows
Found a dagger.
Found 14 gold pieces.
You see here a +0 dagger.
You now have 629 gold pieces (gained 14).
Found a scroll of teleportation.
Found a stone staircase leading down.
m - 4 scrolls of teleportation (gained 1)
There is a stone staircase leading down here.
Found a bubbling pink potion.
L - a bubbling pink potion A two-headed ogre comes into view.
It is wielding a +0 giant spiked club and a +0 giant club.
The two-headed ogre shouts in stereo!
Throw: 3 large rocks
Press: ? - help, Q - select action, (/) - cycle Shift-Dir - straight line, f - two-headed ogre
Aim: a two-headed ogre, wielding a +0 giant spiked club and a +0 giant club (74% to hit)
You throw a large rock.
The large rock hits the two-headed ogre.
The two-headed ogre is lightly wounded.
You block the two-headed ogre's attack.
The two-headed ogre hits you with a +0 giant club!
You barely miss the two-headed ogre. You block the two-headed ogre's attack.
The two-headed ogre hits you with a +0 giant club!
You sock the two-headed ogre!
The two-headed ogre is moderately wounded.
You bludgeon the two-headed ogre!!
The two-headed ogre is severely wounded.
The two-headed ogre hits you with a +0 giant spiked club!!
The two-headed ogre hits you with a +0 giant club!
You closely miss the two-headed ogre.
The two-headed ogre is severely wounded.
The two-headed ogre barely misses you.
The two-headed ogre hits you with a +0 giant club!!
* * * LOW HITPOINT WARNING * * *
You barely miss the two-headed ogre.
The two-headed ogre is severely wounded.
The two-headed ogre hits you with a +0 giant spiked club!!
You die...

.................#
.................#
###############..#
# #..# # #..# #
#..# # #..# # #..#
#### ########.@#
..... .........O#
..... ..........#
##### ########..#
#..# #..# #..#
#..# #..#


You could see a two-headed ogre.

Vanquished Creatures
  3 two-headed ogres
  A hornet (D:9)
  A steam dragon (D:8)
  An acid dragon (D:9)
  A water moccasin (D:6)
  2 black bears
  5 orc warriors
  5 necrophages
  3 ogres (D:4)
  A sky beast (D:7)
  2 centaurs
  2 phantoms
  5 kobold brigands
  3 bullfrogs
  4 scorpions
  A wyvern zombie (D:5)
  An elf skeleton (D:8)
  A water moccasin zombie (D:5)
  4 wights
  4 centaur zombies
  2 howler monkeys (D:7)
  A jelly (D:4)
  2 human zombies
  A hound (D:4)
  A centaur skeleton (D:6)
  10 orc priests
  2 iguanas
  3 human skeletons (D:8)
  2 scorpion zombies (D:5)
  12 orc wizards
  2 hound zombies
  2 mummies (Ossuary)
  4 howler monkey zombies
  6 gnolls
  10 adders
  2 shadow imps (D:5)
  A white imp (D:7)
  3 adder skeletons (D:4)
  3 adder zombies
  2 worms (D:2)
  A dart slug (D:2)
  52 orcs
  6 bats
  A bat zombie (D:4)
  5 endoplasms
  5 giant cockroaches
  8 goblins
  4 hobgoblins
  4 jackals (D:1)
  3 quokkas
  10 ball pythons
  11 frilled lizards
  A goblin zombie (Ossuary)
  10 hobgoblin zombies (Ossuary)
  21 kobolds
  14 kobold zombies (Ossuary)
  An orc skeleton (D:8)
  6 orc zombies
  8 rats
  3 rat zombies
295 creatures vanquished.

Vanquished Creatures (others)
  4 fungi (D:8)
4 creatures vanquished.

Grand Total: 299 creatures vanquished

Notes
Turn   | Place    | Note
-------+----------+-------------------------------------------
     0 | D:1      | mcbry74 the Troll Berserker began the quest for the Orb.
     0 | D:1      | Reached XP level 1. HP: 22/22 MP: 0/0
    53 | D:1      | Found a faded altar of an unknown god.
    99 | D:1      | Reached skill level 3 in Maces & Flails
   201 | D:1      | Reached XP level 2. HP: 29/29 MP: 1/1
   718 | D:2      | Reached ** piety under Trog
   781 | D:2      | Reached XP level 3. HP: 36/36 MP: 2/2
   957 | D:2      | Reached skill level 4 in Maces & Flails
  1111 | D:2      | Reached XP level 4. HP: 26/44 MP: 3/3
  1673 | D:3      | Noticed a scorpion
  1695 | D:2      | Killed a scorpion
  1696 | D:2      | Reached skill level 5 in Maces & Flails
  1696 | D:2      | Reached XP level 5. HP: 17/50 MP: 4/4
  1763 | D:3      | Found Vyusiure's Jewellery Emporium.
  1815 | D:3      | Reached skill level 6 in Maces & Flails
  1927 | D:3      | Reached XP level 6. HP: 59/59 MP: 1/5
  2204 | D:3      | Reached *** piety under Trog
  2547 | D:4      | Found a staircase to the Ecumenical Temple.
  2854 | D:4      | Reached skill level 7 in Maces & Flails
  2924 | D:4      | Reached XP level 7. HP: 66/66 MP: 2/6
  3233 | D:4      | Found an ancient bone altar of Kikubaaqudgha.
  3384 | Temple   | Entered the Ecumenical Temple
  3405 | D:5      | Entered Level 5 of the Dungeon
  3505 | D:5      | Reached skill level 8 in Maces & Flails
  3506 | D:5      | Reached **** piety under Trog
  3544 | D:4      | HP: 1/66 [ogre (14)]
  3980 | D:5      | Reached skill level 9 in Maces & Flails
  3980 | D:5      | Reached XP level 8. HP: 62/74 MP: 2/7
  4148 | D:5      | Found a basalt altar of Yredelemnul.
  4226 | D:5      | Reached skill level 10 in Maces & Flails
  5014 | D:6      | Found a glowing drain.
  5027 | Sewer    | Entered a sewer
  5294 | Sewer    | Reached skill level 11 in Maces & Flails
  5513 | D:6      | Reached XP level 9. HP: 66/80 MP: 2/8
  5624 | D:6      | Reached ***** piety under Trog
  5748 | D:6      | Found a burning altar of Makhleb.
  6045 | D:6      | Found a stormy altar of Qazlal.
  6624 | D:7      | Identified the +9 dagger of Vonin {drain, *Slow rC+ Dex+8}
  6645 | D:7      | Reached skill level 12 in Maces & Flails
  6705 | D:7      | Found a shadowy altar of Dithmenos.
  6771 | D:7      | Received a gift from Trog
  7158 | D:8      | Noticed a two-headed ogre
  7174 | D:8      | Killed a two-headed ogre
  7175 | D:8      | Reached skill level 13 in Maces & Flails
  7175 | D:8      | Reached XP level 10. HP: 88/88 MP: 3/9
  7335 | D:8      | Noticed a two-headed ogre
  7344 | D:8      | Killed a two-headed ogre
  7427 | D:8      | Found a sand-covered staircase.
  7440 | Ossuary  | Entered an ossuary
  7809 | D:8      | Found a snail-covered altar of Cheibriados.
  8150 | D:8      | Found a glowing silver altar of Zin.
  8323 | D:9      | Noticed a two-headed ogre
  8332 | D:9      | Killed a two-headed ogre
  8333 | D:9      | Reached skill level 14 in Maces & Flails
  8649 | D:9      | Received a gift from Trog
  8947 | D:9      | Noticed a two-headed ogre
  8963 | D:9      | Mangled by a two-headed ogre

Illustrated notes

Levels and vault maps discovered:
D:1:      dpeg_arrival_fog, layout_loops_ring, ebering_ecumenical_altar_rust,
          minmay_tripent
D:2:      layout_basic
D:3:      layout_basic, serial_shops, shop
D:4:      layout_loops_cross, lemuel_zombie_altar_kikubaaqudgha,
          minmay_temple_entry_mist, minmay_quantized
D:5:      layout_gridville, lemuel_mausoleum_altar_yredelemnul
D:6:      layout_loops_ring, mainiacjoe_overflow_catwalk,
          overflow_temple_1_default, cheibrodos_sewer_entry_drain,
          chequers_serial_rivers_micro_d
D:7:      layout_loops_ring, nicolae_dithmenos_shadow_blocks, st_stairs_12,
          grunt_ministairs_6, kennysheep_doodads
D:8:      layout_cave_pools, mainiacjoe_overflow_chevrons,
          mainiacjoe_overflow_tiny_flanked, nicolae_ossuary_entry_catacombs,
          nicolae_straight_to_the_point
D:9:      layout_long_grid
Temple:   dshaligram_water_room_temple

Skill      XL: |  1  2  3  4  5  6  7  8  9 10 |
---------------+-------------------------------+-----
Maces & Flails | 3 4 5 6 7 9 11 13 14 | 14.3
Shields        | 3 |  3.2
Fighting       | |  2.4
Dodging        | |  2.4

Action                   |  1- 3 |  4- 6 |  7- 9 | 10-12 || total
-------------------------+-------+-------+-------+-------++-------
Melee: Mace              |   103 |   192 |   475 |   210 ||   980
       Morningstar       |       |       |       |    99 ||    99
Throw: Boomerang         |       |     7 |     6 |     4 ||    17
       Large rock        |       |       |     1 |     3 ||     4
Invok: Berserk           |       |     1 |     9 |     2 ||    12
       Trog's Hand       |       |       |     1 |       ||     1
Evoke: Wand              |       |       |       |     1 ||     1
  Use: Scroll            |       |     5 |     5 |     6 ||    16
 Stab: Sleeping          |       |     1 |     5 |     2 ||     8
Armor: Animal skin       |    55 |    34 |   104 |    95 ||   288
Dodge: Dodged            |    80 |    86 |   191 |   138 ||   495
Block: Tower shield      |       |       |       |   109 ||   109
